TOP OF THE 1ST |
Calgary Flames batting - Pitching for Oakland Oaks : RHP Hunter Vanderhyden
|
Pitching: RHP Hunter Vanderhyden
|
|
Batting: RHB Elias Vences
|
0-0: Foul Ball, location: 2F 0-1: Swinging Strike 0-2: Hit by Pitch
|
Batting: RHB Brian DeVoe
|
0-0: Called Strike 0-1: Swinging Strike 0-2: Strikes out swinging
|
Batting: RHB Eric McMillian
|
0-0: Called Strike Elias Vences steals 2nd base 0-1: Called Strike 0-2: Strikes out swinging
|
Batting: RHB Mike MacLeod
|
0-0: Swinging Strike 0-1: Ball 1-1: Called Strike 1-2: Strikes out swinging
|
Top of the 1st over - 0 runs, 0 hits, 0 errors, 1 left on base; Calgary 0 - Oakland 0 |
BOTTOM OF THE 1ST |
Oakland Oaks batting - Pitching for Calgary Flames : RHP Antonio Reyes
|
Pitching: RHP Antonio Reyes
|
|
Batting: RHB Chris Bohm
|
0-0: Fly out, F7 (Flyball, 7, EV 94.4 MPH)
|
Batting: RHB Larry Clark
|
0-0: Called Strike 0-1: Swinging Strike 0-2: Strikes out swinging
|
Batting: SHB D.J. Codd
|
0-0: Ball 1-0: Called Strike 1-1: Called Strike 1-2: Strikes out swinging
|
Bottom of the 1st over - 0 runs, 0 hits, 0 errors, 0 left on base; Calgary 0 - Oakland 0 |
TOP OF THE 2ND |
Calgary Flames batting - Pitching for Oakland Oaks : RHP Hunter Vanderhyden
|
Batting: LHB James McCauley
|
0-0: Foul Ball, location: 2F 0-1: Ground out U3 (Groundball, 34, EV 99.4 MPH)
|
Batting: SHB Isaiah Scates
|
0-0: Called Strike 0-1: Swinging Strike 0-2: Strikes out swinging
|
Batting: RHB Jon Groseclose
|
0-0: Fly out, F8 (Line Drive, 8LD, EV 93.1 MPH)
|
Top of the 2nd over - 0 runs, 0 hits, 0 errors, 0 left on base; Calgary 0 - Oakland 0 |
BOTTOM OF THE 2ND |
Oakland Oaks batting - Pitching for Calgary Flames : RHP Antonio Reyes
|
Batting: LHB Gregg Power
|
0-0: Called Strike 0-1: Ball 1-1: Called Strike 1-2: Fly out, F8 (Flyball, 8LD, EV 83.1 MPH)
|
Batting: RHB Tetsuya Shinoda
|
0-0: Swinging Strike 0-1: Foul Ball, location: 2F 0-2: Ball 1-2: Ball 2-2: Strikes out swinging
|
Batting: RHB Tim Cordle
|
0-0: Ball 1-0: Called Strike 1-1: Swinging Strike 1-2: Ball 2-2: Strikes out looking
|
Bottom of the 2nd over - 0 runs, 0 hits, 0 errors, 0 left on base; Calgary 0 - Oakland 0 |
TOP OF THE 3RD |
Calgary Flames batting - Pitching for Oakland Oaks : RHP Hunter Vanderhyden
|
Batting: LHB Dean Luttman
|
0-0: Ground out 4-3 (Groundball, 4, EV 86.9 MPH)
|
Batting: LHB Justin Daley
|
0-0: Called Strike 0-1: Called Strike 0-2: Ball 1-2: Ball 2-2: Strikes out swinging
|
Batting: RHB Elias Vences
|
0-0: Foul Ball, location: 2F 0-1: Foul Ball, location: 2F 0-2: Ball 1-2: Ball 2-2: Strikes out swinging
|
Top of the 3rd over - 0 runs, 0 hits, 0 errors, 0 left on base; Calgary 0 - Oakland 0 |
BOTTOM OF THE 3RD |
Oakland Oaks batting - Pitching for Calgary Flames : RHP Antonio Reyes
|
Batting: SHB Steve Salafia
|
0-0: Ball 1-0: Foul Ball, location: 2F 1-1: Reached on error, E7 (Flyball, 7LS, EV 82.5 MPH)
|
Batting: RHB Travis Robinson
|
0-0: Called Strike 0-1: Ball 1-1: Fly out, F7 (Flyball, 7S, EV 73.1 MPH)
|
Batting: RHB Gojko Golob
|
0-0: Called Strike 0-1: Called Strike 0-2: Ball 1-2: Fly out, F3 (Popup, 3SF, EV 78.1 MPH)
|
Batting: RHB Chris Bohm
|
0-0: Called Strike 0-1: Ground out 6-3 (Groundball, 6S, EV 65.6 MPH)
|
Bottom of the 3rd over - 0 runs, 0 hits, 1 error, 1 left on base; Calgary 0 - Oakland 0 |
TOP OF THE 4TH |
Calgary Flames batting - Pitching for Oakland Oaks : RHP Hunter Vanderhyden
|
Batting: RHB Brian DeVoe
|
0-0: Ball 1-0: Ball 2-0: Called Strike 2-1: Foul Ball, location: 2F 2-2: Strikes out swinging
|
Batting: RHB Eric McMillian
|
0-0: Called Strike 0-1: Foul Ball, location: 2F 0-2: Ball 1-2: Foul Ball, location: 2F 1-2: Foul Ball, location: 2F 1-2: Fly out, F8 (Flyball, 8RD, EV 100.0 MPH)
|
Batting: RHB Mike MacLeod
|
0-0: Ball 1-0: Called Strike 1-1: Ball 2-1: Ball 3-1: Swinging Strike 3-2: Strikes out looking
|
Top of the 4th over - 0 runs, 0 hits, 0 errors, 0 left on base; Calgary 0 - Oakland 0 |
BOTTOM OF THE 4TH |
Oakland Oaks batting - Pitching for Calgary Flames : RHP Antonio Reyes
|
Batting: RHB Larry Clark
|
0-0: Foul Ball, location: 2F 0-1: TRIPLE (Flyball, 89XD, EV 108.8 MPH)
|
Batting: SHB D.J. Codd
|
0-0: Ball 1-0: Ball 2-0: Swinging Strike 2-1: Called Strike 2-2: Foul Ball, location: 2F 2-2: Ball 3-2: SINGLE (Line Drive, 9S, EV 100.0 MPH) Larry Clark scores
|
Batting: LHB Gregg Power
|
0-0: Swinging Strike 0-1: Ball 1-1: Ball 2-1: SINGLE (Groundball, 13, EV 88.8 MPH) (infield hit) D.J. Codd to second
|
Batting: RHB Tetsuya Shinoda
|
0-0: Ball 1-0: Called Strike 1-1: DOUBLE (Flyball, 8LXD, EV 96.9 MPH) D.J. Codd scores Gregg Power to third
|
Batting: RHB Tim Cordle
|
0-0: Fly out, F8 (Line Drive, 8LD, EV 91.9 MPH) Runner from 3rd tags up, OUT at HOME! 8-2 Tetsuya Shinoda to third
|
Batting: SHB Steve Salafia
|
0-0: Called Strike 0-1: 2-RUN HOME RUN (Flyball, 7D, EV 105.0 MPH), Distance : 390 ft
|
Batting: RHB Travis Robinson
|
0-0: Ball 1-0: Called Strike 1-1: Fly out, F9 (Flyball, 9LM, EV 93.8 MPH)
|
Bottom of the 4th over - 4 runs, 5 hits, 0 errors, 0 left on base; Calgary 0 - Oakland 4 |
TOP OF THE 5TH |
Calgary Flames batting - Pitching for Oakland Oaks : RHP Hunter Vanderhyden
|
Batting: LHB James McCauley
|
0-0: Called Strike 0-1: Foul Ball, location: 2F 0-2: Ball 1-2: Ball 2-2: Foul Ball, location: 2F 2-2: Strikes out looking
|
Batting: SHB Isaiah Scates
|
0-0: Foul Ball, location: 2F 0-1: Called Strike 0-2: SINGLE (Groundball, 4MD, EV 106.2 MPH) (infield hit)
|
Batting: RHB Jon Groseclose
|
0-0: Ball 1-0: Ball 2-0: Ball 3-0: Base on Balls Isaiah Scates to second
|
Batting: LHB Dean Luttman
|
0-0: Ball 1-0: Fly out, F5 (Popup, 5L, EV 75.0 MPH)
|
Batting: LHB Justin Daley
|
0-0: Foul Ball, location: 2F 0-1: Called Strike 0-2: Ball 1-2: Ball 2-2: Strikes out swinging
|
Top of the 5th over - 0 runs, 1 hit, 0 errors, 2 left on base; Calgary 0 - Oakland 4 |
BOTTOM OF THE 5TH |
Oakland Oaks batting - Pitching for Calgary Flames : RHP Antonio Reyes
|
Batting: RHB Gojko Golob
|
0-0: Called Strike 0-1: Swinging Strike 0-2: Strikes out looking
|
Batting: RHB Chris Bohm
|
0-0: SINGLE (Line Drive, 8LS, EV 91.9 MPH)
|
Batting: RHB Larry Clark
|
0-0: Ball Chris Bohm is caught stealing 2nd base 2-4 1-0: Swinging Strike 1-1: Foul Ball, location: 2F 1-2: Ball 2-2: Strikes out looking
|
Bottom of the 5th over - 0 runs, 1 hit, 0 errors, 0 left on base; Calgary 0 - Oakland 4 |
TOP OF THE 6TH |
Calgary Flames batting - Pitching for Oakland Oaks : RHP Hunter Vanderhyden
|
Batting: RHB Elias Vences
|
0-0: Ball 1-0: Swinging Strike 1-1: Hit by Pitch
|
Batting: RHB Brian DeVoe
|
0-0: Ball 1-0: Grounds into double play, 5-4-3 (Groundball, 56S, EV 88.1 MPH)
|
Batting: RHB Eric McMillian
|
0-0: Called Strike 0-1: Called Strike 0-2: Ball 1-2: Strikes out swinging
|
Top of the 6th over - 0 runs, 0 hits, 0 errors, 0 left on base; Calgary 0 - Oakland 4 |
BOTTOM OF THE 6TH |
Oakland Oaks batting - Pitching for Calgary Flames : RHP Antonio Reyes
|
Batting: SHB D.J. Codd
|
0-0: Called Strike 0-1: Foul Ball, location: 2F 0-2: Ball 1-2: Foul Ball, location: 2F 1-2: Foul Ball, location: 2F 1-2: Ball 2-2: SOLO HOME RUN (Flyball, 7D, EV 93.8 MPH), Distance : 378 ft
|
Batting: LHB Gregg Power
|
0-0: Reached on error, E4 (Groundball, 4, EV 103.8 MPH)
|
Batting: RHB Tetsuya Shinoda
|
0-0: Fly out, F3 (Popup, 3F, EV 60.0 MPH)
|
Batting: RHB Tim Cordle
|
0-0: Ball 1-0: SINGLE (Groundball, 23, EV 68.8 MPH) (infield hit) Gregg Power to third
|
Pitching: RHP Brice MacKenzie
|
|
Batting: SHB Steve Salafia
|
0-0: SINGLE (Line Drive, 5D, EV 98.1 MPH) Gregg Power scores Tim Cordle to second
|
Batting: RHB Travis Robinson
|
0-0: Fly out, F7 (Line Drive, 7D, EV 91.9 MPH)
|
Batting: RHB Gojko Golob
|
0-0: Ball 1-0: Foul Ball, location: 2F 1-1: Ball 2-1: Ball 3-1: Base on Balls Tim Cordle to third Steve Salafia to second
|
Batting: RHB Chris Bohm
|
0-0: Foul Ball, location: 2F 0-1: Ball 1-1: Ball 2-1: Foul Ball, location: 2F 2-2: Foul Ball, location: 2F 2-2: SINGLE (Line Drive, 89S, EV 101.2 MPH) Tim Cordle scores Steve Salafia to third Gojko Golob to second Runner from 3rd tries for Home, SAFE, throw by RF to home
|
Batting: RHB Larry Clark
|
0-0: Called Strike 0-1: Foul Ball, location: 2F 0-2: Ball 1-2: Foul Ball, location: 2F 1-2: Fly out, F9 (Flyball, 89M, EV 91.2 MPH)
|
Bottom of the 6th over - 4 runs, 4 hits, 1 error, 2 left on base; Calgary 0 - Oakland 8 |
TOP OF THE 7TH |
Calgary Flames batting - Pitching for Oakland Oaks : RHP Hunter Vanderhyden
|
Batting: RHB Mike MacLeod
|
0-0: Swinging Strike 0-1: Ball 1-1: Called Strike 1-2: Ball 2-2: Ball 3-2: Strikes out looking
|
Pitching: RHP Aaron Vallejo
|
|
Batting: LHB James McCauley
|
0-0: SINGLE (Groundball, 4MD, EV 96.2 MPH)
|
Batting: SHB Isaiah Scates
|
0-0: Ball 1-0: Ball 2-0: Called Strike 2-1: Called Strike 2-2: Fielders Choice at 2nd, 3-6 (Groundball, 3, EV 84.4 MPH)
|
Batting: RHB Jon Groseclose
|
0-0: Fly out, F7 (Flyball, 78S, EV 87.5 MPH)
|
Top of the 7th over - 0 runs, 1 hit, 0 errors, 1 left on base; Calgary 0 - Oakland 8 |
BOTTOM OF THE 7TH |
Oakland Oaks batting - Pitching for Calgary Flames : RHP Brice MacKenzie
|
Pinch Hitting: RHB Gabe Secundino
|
0-0: Ball 1-0: Swinging Strike 1-1: Ball 2-1: Swinging Strike 2-2: Ball 3-2: Base on Balls
|
Batting: LHB Gregg Power
|
0-0: Called Strike 0-1: Called Strike 0-2: Ball 1-2: Ball 2-2: Ball 3-2: SINGLE (Line Drive, 56D, EV 107.5 MPH) Gabe Secundino to second
|
Pitching: LHP Ricardo de la Torre
|
|
Pinch Hitting: RHB Emiel Schlepers
|
0-0: Swinging Strike 0-1: Called Strike 0-2: Hit by Pitch Gabe Secundino to third Gregg Power to second
|
Pinch Hitting: RHB David Sharp
|
0-0: Ball 1-0: Called Strike 1-1: Ball 2-1: Ball 3-1: Base on Balls Gabe Secundino scores Gregg Power to third Emiel Schlepers to second
|
Pinch Hitting: RHB Jake Leffel
|
0-0: Ball 1-0: Foul Ball, location: 2F 1-1: Foul Ball, location: 2F 1-2: Foul Ball, location: 2F 1-2: Foul Ball, location: 2F 1-2: Grounds into double play, 6-4-3 (Groundball, 6, EV 81.2 MPH) Gregg Power scores Emiel Schlepers to third
|
Batting: RHB Travis Robinson
|
0-0: Called Strike 0-1: Swinging Strike 0-2: Fly out, F9 (Flyball, 89XD, EV 83.1 MPH)
|
Bottom of the 7th over - 2 runs, 1 hit, 0 errors, 1 left on base; Calgary 0 - Oakland 10 |
TOP OF THE 8TH |
Calgary Flames batting - Pitching for Oakland Oaks : RHP Aaron Vallejo
|
Now at 1B: Jon Coakley
|
|
Now at 2B: Mike Gangi
|
|
Now at 3B: David Sharp
|
|
Now in LF: Marcus Kressley
|
|
Batting: LHB Dean Luttman
|
0-0: Swinging Strike 0-1: Ball 1-1: Foul Ball, location: 2F 1-2: Foul Ball, location: 2F 1-2: Ball 2-2: Foul Ball, location: 2F 2-2: Ball 3-2: Foul Ball, location: 2F 3-2: Strikes out looking
|
Batting: LHB Justin Daley
|
0-0: Called Strike 0-1: Called Strike 0-2: Ball 1-2: Foul Ball, location: 2F 1-2: Strikes out swinging
|
Batting: RHB Elias Vences
|
0-0: Foul Ball, location: 2F 0-1: Foul Ball, location: 2F 0-2: Ball 1-2: Ball 2-2: Ball 3-2: Foul Ball, location: 2F 3-2: Base on Balls
|
Batting: RHB Brian DeVoe
|
0-0: Called Strike 0-1: Foul Ball, location: 2F 0-2: Strikes out swinging
|
Top of the 8th over - 0 runs, 0 hits, 0 errors, 1 left on base; Calgary 0 - Oakland 10 |
BOTTOM OF THE 8TH |
Oakland Oaks batting - Pitching for Calgary Flames : LHP Ricardo de la Torre
|
Batting: RHB Gojko Golob
|
0-0: Foul Ball, location: 2F 0-1: Ball 1-1: Foul Ball, location: 2F 1-2: Foul Ball, location: 2F 1-2: Ball 2-2: Ball 3-2: Strikes out swinging
|
Batting: RHB Chris Bohm
|
0-0: Foul Ball, location: 2F 0-1: Ball 1-1: Swinging Strike 1-2: SINGLE (Line Drive, 56D, EV 100.6 MPH)
|
Pinch Hitting: RHB Rusty Prodoehl
|
0-0: Ball 1-0: Ball 2-0: Called Strike 2-1: Fielders Choice at 2nd, 5-4 (Groundball, 56, EV 90.0 MPH)
|
Pinch Hitting: RHB Alberto Malagon
|
0-0: Ball 1-0: Called Strike 1-1: Called Strike 1-2: Strikes out swinging
|
Bottom of the 8th over - 0 runs, 1 hit, 0 errors, 1 left on base; Calgary 0 - Oakland 10 |
TOP OF THE 9TH |
Calgary Flames batting - Pitching for Oakland Oaks : RHP Aaron Vallejo
|
Now at 1B: Ubbe Dekker
|
|
Now at SS: Tim Anderson
|
|
Batting: RHB Eric McMillian
|
0-0: Called Strike 0-1: Called Strike 0-2: Foul Ball, location: 2F 0-2: SINGLE (Groundball, 56D, EV 103.1 MPH)
|
Batting: RHB Mike MacLeod
|
0-0: Ball 1-0: Called Strike 1-1: Ball 2-1: Foul Ball, location: 2F 2-2: Strikes out swinging
|
Batting: LHB James McCauley
|
0-0: Fielders Choice at 2nd, 4-6 (Groundball, 4S, EV 80.6 MPH)
|
Batting: SHB Isaiah Scates
|
0-0: Foul Ball, location: 2F 0-1: Ball Pickoff Throw by Catcher to First - Out!
|
Top of the 9th over - 0 runs, 1 hit, 0 errors, 0 left on base; Calgary 0 - Oakland 10 |
|